 Dungeon Crawl Stone Soup version 0.31.0-9-g3a7656b989 (webtiles) character file.

Game seed: 12320994260544588371

5761 SigmundSlayer the Grappler (level 10, -14/111 HPs)
             Began as a Demonspawn Berserker on Jan 24, 2024.
             Was a High Priest of Trog.
             Demolished by an orc warrior
             ... wielding a +0 halberd
              (17 damage)
             ... in a bailey.
             The game lasted 00:12:32 (7217 turns).

SigmundSlayer the Grappler (Demonspawn Berserker)   Turns: 7217, Time: 00:12:32

Health: -14/111    AC:  9    Str: 27    XL:     10   Next: 49%
Magic:  10/10      EV: 18    Int:  8    God:    Trog [*****.]
Gold:   365        SH:  0    Dex: 13    Spells: 9/9 levels left

rFire   . .          .
                       - Unarmed
rCold   . . .        (no shield)
rNeg    . . .        f - +0 ring mail
rPois   .            g - +2 helmet
rElec   .            (cloak unavailable)
rCorr   .            (no gloves)
SInv    .            (no boots)
Will    ++...        (no amulet) Stlth
                     y - +6 ring of strength
HPRegen 1.38/turn    p - +5 ring of evasion
MPRegen 0.12/turn

%: no passive effects
@: berserking, strong-willed, regenerating, very quick
A: hooves 2, spiny 1, weakness stinger 3, demonic touch 2
a: Renounce Religion, Berserk, Trog's Hand, Brothers in Arms


You were in a bailey.
You worshipped Trog.
Trog was extremely pleased with you.
You visited 1 branch of the dungeon, and saw 9 of its levels.
You also visited: Sewer and Bailey.

You collected 612 gold pieces.
You spent 247 gold pieces at shops.

Inventory:

Hand Weapons
 a - a +2 sling of freezing
Missiles
 w - 2 throwing nets (quivered)
Armour
 f - a +0 ring mail (worn)
 g - a +2 helmet (worn)
Jewellery
 c - a ring of wizardry
 n - a ring of protection from fire
 p - a +5 ring of evasion (right hand)
 y - a +6 ring of strength (left hand)
 A - a ring of flight
Wands
 t - a wand of roots (5)
 x - a wand of flame (2)
Scrolls
 h - a scroll of poison
 m - 3 scrolls of teleportation
 u - a scroll of vulnerability
Potions
 b - 3 potions of heal wounds
 d - 2 potions of magic
 e - 2 potions of enlightenment
 i - 4 potions of haste {unknown}
 j - 2 potions of invisibility {unknown}
 k - a potion of resistance {unknown}
 l - a potion of curing {unknown}
 o - 2 potions of attraction {unknown}
 q - 2 potions of degeneration {unknown}
 r - a potion of brilliance {unknown}
 v - 2 potions of might {unknown}


   Skills:
 - Level 5.0 Fighting
 - Level 2.8 Axes
 - Level 1.0 Ranged Weapons
 - Level 5.0 Armour
 - Level 5.0 Dodging
 - Level 2.4 Shields
 + Level 11.8 Unarmed Combat


You had 9 spell levels left.
You didn't know any spells.
Your spell library was empty.

Dungeon Overview and Level Annotations

Branches:
Dungeon (9/15)               Lair (0/5) D:8           Sewer (visited)
 Bailey (1/1)
 Temple: D:4-7          Orc: D:9-12

Altars:
Ashenzari
Fedhas
Kikubaaqudgha
Sif Muna
Yredelemnul

Shops:
D:3 *   D:5 ?


Innate Abilities, Weirdness & Mutations

You have hoof-like feet.
You are partially covered in sharp spines.
You have a sharp stinger which inflicts weakening toxins.
Your touch may inflict irresistible damage on your foes.


Message History

You punch the orc!
You kill the orc!
Trog accepts your kill.
The orc warrior hits you from afar with a +0 halberd!
The orc knight hits you but does no damage.
The orc knight hits you from afar with a +0 halberd!!
Unknown command.
You pummel the orc warrior!!
You kill the orc warrior!
Trog accepts your kill.
Unknown command.
You punch the orc!
You feel the power of Trog in you as your rage grows.
You kill the orc!
Trog accepts your kill.
Your ogre hits the orc with a +0 giant club!!!
The orc dies!
Trog accepts your kill. The orc warrior completely misses you.
The orc knight hits you with a +0 halberd.
The orc knight roars a battlecry!
The orc knight goes into a battle-frenzy!
Your ogre barely misses the orc knight.
Unknown command.
You punch the orc knight! Your kick misses the orc knight.
The orc knight is lightly wounded.
The orc warrior closely misses you.
The orc knight hits you with a +0 halberd!!
* * * LOW HITPOINT WARNING * * *
The orc knight hits you with a +0 halberd!
* * * LOW HITPOINT WARNING * * *
You pummel the orc knight!!
Your tail-slap misses the orc knight.
Your touch misses the orc knight.
The orc knight is heavily wounded.
Your ogre hits the orc knight with a +0 giant club!
Unknown command.
You punch the orc knight! Your kick misses the orc knight.
The orc knight is severely wounded.
The orc warrior hits you with a +0 halberd!
You die...

#+++ +#
##.....##
#.......#
#.......#
#.......#
#..#.#..#
#..)ooo.#
#))O@.#
##)')##
#.....#
#.....#
#.....#
#.....#
#.....#
##'''##
##.....##


You could see 2 orc knights, an orc warrior (strong) and a friendly ogre
(summoned, berserk).

Vanquished Creatures
  A two-headed ogre (D:8)
  Pikel (D:6)
  The ghost of Tollund the Conjurer, a novice OpCj (D:4)
  The ghost of Vadun the Shield-Bearer, an amateur MiFi (D:4)
  Grinder (D:4)
  Sigmund (D:4)
  2 wyverns (D:8)
  A steam dragon (D:8)
  Menkaure (D:4)
  Edmund (D:6)
  The ghost of dialectric the Cudgeller, an amateur GrFi of Okawaru (D:4)
  3 water moccasins (D:8)
  Duvessa (D:5)
  5 orc warriors (Bailey)
  4 black bears
  A sky beast (D:8)
  A crocodile (Sewer)
  A wolf (D:8)
  An ogre (D:5)
  2 centaurs
  A lemure (D:6)
  A phantom (D:6)
  Blork the orc (D:4)
  A necrophage (D:4)
  2 scorpions (D:5)
  A gnoll sergeant (D:4)
  Dowan (D:5)
  4 wights (D:6)
  The ghost of SuperJoe the Changeling, a weakling NaSh of Ru (D:4)
  A howler monkey (D:8)
  3 hounds
  A human zombie (D:4)
  An orc priest (D:8)
  A sleepcap (D:5)
  3 iguanas
  3 orc wizards
  A scorpion zombie (D:4)
  A hound zombie (D:4)
  8 adders
  7 gnolls
  4 shadow imps (D:4)
  A white imp (D:5)
  2 ufetubi (D:6)
  4 adder zombies (D:4)
  5 ribbon worms
  2 dart slugs
  27 orcs
  4 bats
  7 endoplasms
  5 giant cockroaches
  12 goblins
  6 hobgoblins
  10 jackals
  9 quokkas
  8 ball pythons
  5 frilled lizards
  14 kobolds
  8 rats
207 creatures vanquished.

Vanquished Creatures (collateral kills)
  2 orcs (Bailey)
2 creatures vanquished.

Vanquished Creatures (others)
  A rat (D:2)
1 creature vanquished.

Grand Total: 210 creatures vanquished

Notes
Turn   | Place    | Note
-------+----------+-------------------------------------------
     0 | D:1      | SigmundSlayer the Demonspawn Berserker began the quest for
                  | the Orb.
     0 | D:1      | Reached XP level 1. HP: 18/18 MP: 1/1
    13 | D:1      | Discovered your monstrous ancestry.
    13 | D:1      | Gained mutation: Your touch may inflict minor irresistible
                  | damage on your foes. [demonic ancestry]
    13 | D:1      | Reached XP level 2. HP: 20/24 MP: 2/2
   532 | D:1      | Reached ** piety under Trog
   608 | D:1      | Gained mutation: You have a small tail. [demonic ancestry]
   608 | D:1      | Reached XP level 3. HP: 29/29 MP: 3/3
   966 | D:2      | Reached skill level 1 in Unarmed Combat
  1235 | D:2      | Reached skill level 2 in Unarmed Combat
  1328 | D:2      | Gained mutation: You have large cloven feet. [demonic
                  | ancestry]
  1328 | D:2      | Reached XP level 4. HP: 32/35 MP: 4/4
  2112 | D:3      | Gained mutation: You have hoof-like feet. [demonic
                  | ancestry]
  2112 | D:3      | Reached XP level 5. HP: 37/39 MP: 5/5
  2113 | D:3      | Reached *** piety under Trog
  2266 | D:3      | Found a faded altar of an unknown god.
  2424 | D:3      | Reached skill level 3 in Unarmed Combat
  2497 | D:3      | Found Sisusiti's Assorted Antiques.
  2505 | D:3      | Bought a kite shield for 135 gold pieces
  2634 | D:4      | Noticed Grinder
  2654 | D:4      | Killed Grinder
  2655 | D:4      | Reached skill level 4 in Unarmed Combat
  2655 | D:4      | Gained mutation: You have a tail ending in a sharp stinger.
                  | [demonic ancestry]
  2655 | D:4      | Reached XP level 6. HP: 24/47 MP: 6/6
  2809 | D:4      | Found a runed translucent gate.
  2810 | D:4      | Found a runed translucent gate.
  2811 | D:4      | Found a runed translucent gate.
  2812 | D:4      | Noticed Tollund's ghost (novice OpCj)
  2812 | D:4      | Noticed dialectric's ghost (amateur GrFi)
  2812 | D:4      | Noticed Vadun's ghost (amateur MiFi)
  2812 | D:4      | Noticed SuperJoe's ghost (weakling NaSh)
  2840 | D:4      | Found a basalt altar of Yredelemnul.
  2881 | D:4      | Noticed Menkaure
  2892 | D:4      | Killed Menkaure
  3295 | D:4      | Gained mutation: You have a sharp stinger which inflicts
                  | weakening toxins. [demonic ancestry]
  3295 | D:4      | Reached XP level 7. HP: 38/52 MP: 7/7
  3305 | D:4      | Reached skill level 5 in Unarmed Combat
  3769 | D:4      | Noticed Blork the orc
  3776 | D:4      | Killed Blork the orc
  3916 | D:4      | Noticed Sigmund
  3926 | D:4      | Killed Sigmund
  3927 | D:4      | Reached skill level 6 in Unarmed Combat
  4150 | D:4      | Gained mutation: You are partially covered in sharp spines.
                  | [demonic ancestry]
  4150 | D:4      | Reached XP level 8. HP: 33/60 MP: 8/8
  4159 | D:4      | Reached **** piety under Trog
  4242 | D:4      | Found an ancient bone altar of Kikubaaqudgha.
  4352 | D:4      | Killed Tollund's ghost
  4353 | D:4      | Reached skill level 7 in Unarmed Combat
  4358 | D:4      | Killed Vadun's ghost
  4364 | D:4      | Killed dialectric's ghost
  4365 | D:4      | Killed SuperJoe's ghost
  4565 | D:5      | Entered Level 5 of the Dungeon
  4606 | D:5      | Reached skill level 8 in Unarmed Combat
  4641 | D:5      | Found a glowing drain.
  4712 | Sewer    | Entered a sewer
  4895 | D:5      | Noticed Duvessa
  4895 | D:5      | Noticed Dowan
  4898 | D:5      | Found Bul Jyza's Magic Scroll Shoppe.
  4902 | D:5      | Killed Duvessa
  4907 | D:5      | Killed Dowan
  4908 | D:5      | Gained mutation: Your touch may inflict irresistible damage
                  | on your foes. [demonic ancestry]
  4908 | D:5      | Reached XP level 9. HP: 61/66 MP: 9/9
  4932 | D:5      | Bought a scroll of enchant armour for 112 gold pieces
  5118 | D:5      | Reached skill level 5 in Fighting
  5508 | D:6      | Found a blossoming altar of Fedhas.
  5583 | D:6      | Reached skill level 9 in Unarmed Combat
  5591 | D:6      | Reached skill level 1 in Ranged Weapons
  5620 | D:6      | Noticed Pikel
  5632 | D:6      | Killed Pikel
  5708 | D:6      | Noticed Edmund
  5717 | D:6      | Killed Edmund
  5718 | D:6      | Reached skill level 10 in Unarmed Combat
  5944 | D:6      | Reached ***** piety under Trog
  6030 | D:6      | You fall into a shaft and drop 3 floors!
  6058 | D:8      | Noticed a two-headed ogre
  6069 | D:8      | Killed a two-headed ogre
  6070 | D:8      | Reached skill level 5 in Armour
  6208 | D:8      | Reached XP level 10. HP: 74/74 MP: 10/10
  6246 | D:8      | Reached skill level 11 in Unarmed Combat
  6263 | D:8      | Found a broken altar of Ashenzari.
  6324 | D:8      | Noticed a centaur warrior
  6324 | D:8      | Noticed a seven-headed hydra
  6324 | D:8      | Noticed a centaur warrior
  6324 | D:8      | Noticed a deep elf pyromancer
  6324 | D:8      | Noticed a brown ugly thing
  6325 | D:8      | Noticed a cane toad
  6337 | D:8      | Noticed a centaur warrior
  6337 | D:8      | Noticed a five-headed hydra
  6468 | D:8      | Found a shimmering blue altar of Sif Muna.
  6737 | D:8      | Found a staircase to the Lair.
  6836 | D:8      | Reached skill level 5 in Dodging
  6887 | D:7      | Found a flagged portal.
  6914 | Bailey   | Entered a bailey
  7203 | Bailey   | Noticed an orc knight
  7203 | Bailey   | Noticed an orc knight
  7215 | Bailey   | HP: 2/111 [orc knight/+0 halberd (15)]
  7217 | Bailey   | Demolished by an orc warrior

Illustrated notes

Levels and vault maps discovered:
D:1:      wander_arrival_peaceful_grave, layout_loops_corners,
          nicolae_grassy_gnolls
D:2:      layout_rooms, minmay_pentomino_s2
D:3:      layout_rooms, serial_shops, shop,
          shapermc_ecumenical_altar_totnotflames,
          minmay_fractal_squares_diagonal_5
D:4:      layout_loops_corners, lemuel_mausoleum_altar_kikubaaqudgha,
          marbit_many_paths, gammafunk_ghost_cemetery, uniq_blork_the_orc,
          uniq_sigmund, uniq_menkaure, uniq_grinder
D:5:      layout_loops_cross, serial_shops, shop, gup_sewer_entry_pipe,
          uniq_duvessa
D:6:      layout_loops_corners, fedhas_ov_isle_minmay,
          minmay_temple_entry_nine_rooms, chequers_serial_rivers_room_a,
          minmay_misc_feat_secret_circle, uniq_pikel, uniq_edmund
D:7:      layout_rooms, mainiacjoe_overflow_six_doors_small,
          lemuel_doored_altar, enter_bailey_3
D:8:      layout_basic, amcnicky_altar_gilded, nicolae_overflow_crystal_walls,
          minmay_lair_entry_grove, minivault_12
D:9:      layout_roguey, lemuel_coloured_pillars_altar,
          minmay_orc_entry_guard_dogs, kennysheep_small_circle
Bailey:   bailey_polearm_5, bailey

Skill      XL: |  1  2  3  4  5  6  7  8  9 10 |
---------------+-------------------------------+-----
Armour         | 2 3 4 5 |  5.0
Dodging        | 2 3 4 5 |  5.0
Unarmed Combat | 2 4 6 8 10 11 | 11.8
Shields        | 2 |  2.4
Fighting       | 4 5 |  5.0
Ranged Weapons | 1 |  1.0
Axes           | |  2.8

Action                     |  1- 3 |  4- 6 |  7- 9 | 10-12 || total
---------------------------+-------+-------+-------+-------++-------
  Melee: Hand axe          |     7 |       |       |       ||     7
         Unarmed           |   131 |   152 |   176 |    83 ||   542
         Touch             |    20 |    12 |    25 |     8 ||    65
         Punch             |     2 |     2 |    10 |     3 ||    17
         Tailslap          |    10 |    13 |    28 |    12 ||    63
         Kick              |       |    40 |    55 |    24 ||   119
   Fire: Sling             |     6 |       |     4 |     4 ||    14
 Invoke: Berserk           |     1 |     1 |     1 |     2 ||     5
         Trog's Hand       |       |       |       |     1 ||     1
         Brothers in Arms  |       |       |       |     1 ||     1
  Evoke: Wand              |       |       |     2 |       ||     2
    Use: Scroll            |       |     9 |     3 |     6 ||    18
 Armour: Animal skin       |     1 |       |       |       ||     1
         Ring mail         |    86 |    96 |    83 |    54 ||   319
  Dodge: Dodged            |    88 |    99 |   123 |    78 ||   388
  Block: Kite shield       |       |     5 |       |       ||     5
